 Dungeon Crawl Stone Soup version 0.32-a0-975-g85d4e5bfdb (webtiles) character file.

Game seed: 1058572377876177356

39 Maxmaps the Shooter (level 3, 0/27 HPs)
             Began as a Demonspawn Hunter on Apr 19, 2024.
             Slain by a goblin
             ... wielding a +0 club
             ... led by Robin
              (3 damage)
             ... on level 2 of the Dungeon.
             The game lasted 00:00:41 (924 turns).

Maxmaps the Shooter (Demonspawn Hunter)              Turns: 924, Time: 00:00:42

Health: 0/27       AC:  5    Str: 11    XL:     3   Next: 26%
Magic:  3/3        EV:  9    Int:  9    God:
Gold:   35         SH:  0    Dex: 18    Spells: 2/2 levels left

rFire   . . .        a - +0 shortbow
rCold   . . .        (shield currently unavailable)
rNeg    . . .        g - +0 ring mail
rPois   .            (no helmet)
rElec   .            (no cloak)
rCorr   .            (no gloves)
SInv    .            (no boots)
Will    .....        (no amulet)
Stlth   +            (no ring)
HPRegen 0.24/turn    (no ring)
MPRegen 0.08/turn

%: no passive effects
@: no status effects
A: hooves 1
a: no special abilities


You were on level 2 of the Dungeon.
You visited 1 branch of the dungeon, and saw 2 of its levels.

You collected 35 gold pieces.

Inventory:

Hand Weapons
 a - a +0 shortbow (weapon)
Armour
 c - a +0 leather armour
 g - a +0 ring mail (worn)
Scrolls
 b - a scroll of butterflies
 e - a scroll of enchant armour {unknown}
Potions
 d - a potion of cancellation {unknown}
 f - a potion of mutation {unknown}


   Skills:
 - Level 2.0 Fighting
 + Level 4.7 Ranged Weapons
 - Level 1.7 Dodging
 - Level 0.8 Stealth


You had 2 spell levels left.
You didn't know any spells.
Your spell library was empty.

Dungeon Overview and Level Annotations

Branches:
Dungeon (2/15)

Altars:

Annotations:
D:2 Robin


Innate Abilities, Weirdness & Mutations

You have large cloven feet.


Message History

You shoot an arrow. The arrow closely misses the goblin. x2
The goblin hits you with a +0 dagger.
A hobgoblin comes into view.
Robin throws the goblin at you! The goblin hits you but does no damage.
The goblin unwields a +0 sling.
The goblin wields a +0 club.
The goblin hits you with a +0 club.
You are too injured to fight recklessly!
You are too injured to fight recklessly!
You are too injured to fight recklessly!
Unknown command.
You are too injured to fight recklessly!
You are too injured to fight recklessly!
Fire: a) +0 shortbow
Press: ? - help, Shift-Dir - straight line, f/p - goblin
Aim: a goblin, wielding a +0 dagger (strong, 58% to hit)
You shoot an arrow. The arrow barely misses the goblin.
Robin says, "Feeling lonely?"
The goblin hits you but does no damage. The goblin barely misses you.
Fire: a) +0 shortbow
Press: ? - help, Shift-Dir - straight line, f/p - goblin
Aim: a goblin, wielding a +0 dagger (strong, 58% to hit)
You shoot an arrow. The arrow closely misses the goblin.
The arrow completely misses the hobgoblin.
The goblin barely misses you. The goblin misses you.
Fire: a) +0 shortbow
Press: ? - help, Shift-Dir - straight line, f/p - goblin
Aim: a goblin, wielding a +0 dagger (strong, 58% to hit)
You shoot an arrow. The arrow hits the goblin.
The goblin is heavily wounded.
The goblin hits you but does no damage. The goblin hits you with a +0 club.
* * * LOW HITPOINT WARNING * * *
The goblin hits you with a +0 dagger.
* * * LOW HITPOINT WARNING * * *
Fire: a) +0 shortbow
Press: ? - help, Shift-Dir - straight line, f/p - goblin
Aim: a goblin, wielding a +0 dagger (heavily wounded, strong, 58% to hit)
You shoot an arrow. The arrow hits the goblin.
You kill the goblin!
The goblin hits you but does no damage. The goblin hits you with a +0 club.
You die...

###########
#.g........
#@#...(.###
#g#.....####
...g..g.#.........
##.###.)#.....###
#..#.....#
#.####.#######
...##..[...... ##
###.#.†..##### ##.
#..##.#


You could see a hobgoblin (strong) and 2 goblins.

Vanquished Creatures
  2 dart slugs (D:1)
  2 ball pythons (D:1)
  3 endoplasms (D:1)
  A giant cockroach (D:1)
  5 goblins
  4 hobgoblins
  4 jackals (D:1)
  2 quokkas (D:1)
  3 bats (D:1)
  3 frilled lizards
  2 rats (D:1)
31 creatures vanquished.

Notes
Turn   | Place    | Note
-------+----------+-------------------------------------------
     0 | D:1      | Maxmaps the Demonspawn Hunter began the quest for the Orb.
     0 | D:1      | Reached XP level 1. HP: 16/16 MP: 1/1
    75 | D:1      | Reached skill level 4 in Ranged Weapons
    79 | D:1      | Gained mutation: You have large cloven feet. [demonic
                  | ancestry]
    79 | D:1      | Reached XP level 2. HP: 22/22 MP: 2/2
    79 | D:1      | Found a faded altar of an unknown god.
   581 | D:1      | Reached XP level 3. HP: 27/27 MP: 3/3
   909 | D:2      | Noticed Robin
   924 | D:2      | Slain by a goblin

Illustrated notes

Levels and vault maps discovered:
D:1:      zelgadis_glass_arrival_small, layout_basic, basic_ecumenical_altar,
          minivault_27
D:2:      layout_loops_ring, uniq_crazy_yiuf_cottage, uniq_robin

Skill      XL: |  1 |
---------------+----+-----
Ranged Weapons | 4 |  4.7
Fighting       | |  2.0
Dodging        | |  1.7
Stealth        | |  0.8

Action                     || total
---------------------------++-------
   Fire: Shortbow          ||    89
 Armour: Leather armour    ||     1
         Ring mail         ||    85
  Dodge: Dodged            ||    42

Table legend: (Time is in decaauts)
 A = Elapsed time spent in this place.
 B = Non-inter-level travel time spent in this place.
 C = Inter-level travel time spent in this place.
 D = Time resting spent in this place.
 E = Time spent auto-exploring this place.
 F = Levels seen in this place.
 G = Mean time per level.
                   A        B        C        D        E       F      G
               +--------+--------+--------+--------+--------+-----+--------+
         Total |    950 |    937 |     13 |     59 |    709 |   2 |  475.0 |
       Dungeon |    950 |    937 |     13 |     59 |    709 |   2 |  475.0 |
               +--------+--------+--------+--------+--------+-----+--------+

Top non-repeatable levels by time:
     D:1: 846 daAuts
     D:2: 103 daAuts
